 Dungeon Crawl Stone Soup version 0.19.4-9-g45fd643 (console) character file.

426 Grinner the Ruffian (level 6, -14/57 HPs)
             Began as a Troll Earth Elementalist on Feb 16, 2017.
             Demolished by an ogre
             ... wielding a +0 giant club
              (23 damage)
             ... on level 4 of the Dungeon.
             The game lasted 00:08:33 (3083 turns).

Grinner the Ruffian (Troll Earth Elementalist)      Turns: 3083, Time: 00:08:34

Health: -14/57     AC:  5    Str: 17    XL:     6   Next: 64%
Magic:  2/6        EV: 10    Int: 13    God:
Gold:   197        SH:  0    Dex: 10    Spells: 2 memorised, 4 levels left

rFire  . . .     SeeInvis .     b - 207 stones
rCold  . . .     Gourm    +     c - +0 robe
rNeg   . . .     Faith    .     (no shield)
rPois  .         Spirit   .     (helmet restricted)
rElec  .         Reflect  .     r - -1 cloak (curse)
rCorr  .         Harm     .     (gloves unavailable)
MR     .....                    (boots unavailable)
Stlth  +.........               t - amulet of rage
                                (no ring)
                                (no ring)

@: very slightly contaminated
A: unfitting armour, claws 3, fast metabolism 3, gourmand, regeneration 1,
shaggy fur 1, tough skin 2
a: Evoke Berserk Rage


You were on level 4 of the Dungeon.
You were completely stuffed.

You visited 1 branch of the dungeon, and saw 4 of its levels.

You collected 197 gold pieces.

Inventory:

Missiles
 b - 207 stones (in claw)
Armour
 c - a +0 robe (worn)
 r - a cursed -1 cloak (worn)
Jewellery
 t - an amulet of rage (around neck)
Scrolls
 a - 3 scrolls of remove curse {unknown}
 f - 5 scrolls of identify {unknown}
 g - 2 scrolls of teleportation {unknown}
 i - 2 scrolls of enchant weapon {unknown}
 k - a scroll of random uselessness {unknown}
 m - a scroll of immolation {unknown}
 n - 3 scrolls of fog {unknown}
 o - a scroll of enchant armour {unknown}
 q - a scroll of fear {unknown}
 x - a scroll of blinking {unknown}
Potions
 h - a potion of cancellation
 l - a potion of brilliance
 p - 3 potions of might {unknown}
 s - a potion of heal wounds {unknown}
 v - a potion of berserk rage {unknown}
 z - a potion of lignification {unknown}
 A - a potion of curing {unknown}
Books
 e - a book of Geomancy

   Spells                             Type                      Level
   a - Sandblast                      Earth                        1
   b - Passwall                       Transmutation/Earth          2
   c - Stone Arrow                    Conjuration/Earth            3
   d - Petrify                        Transmutation/Earth          4
   e - Lee's Rapid Deconstruction     Earth                        5
Comestibles
 d - 4 bread rations
 j - a meat ration
 u - a royal jelly


   Skills:
 - Level 1.9 Fighting
 - Level 1.5 Dodging
 - Level 1.0 Stealth
 * Level 4.6 Unarmed Combat
 - Level 1.2 Spellcasting
 + Level 2.0 Transmutations
 + Level 3.9 Earth Magic


You had 4 spell levels left.
You knew the following spells:

 Your Spells              Type           Power        Failure   Level  Hunger
a - Passwall              Tmut/Erth      #.........   14%         2    ###....
z - Sandblast             Erth           ##....       8%          1    ##.....


Dungeon Overview and Level Annotations

Branches:
Dungeon (4/15)
 Temple: D:4-7

Altars:
Dithmenos
Gozag
Ru
Xom


Innate Abilities, Weirdness & Mutations

You are too large for most types of armour.
You have claws for hands.
Your metabolism is lightning-fast.
You like to eat raw meat.
Your natural rate of healing is unusually fast.
You are covered in fur. (AC +1)
You have very tough skin. (AC +2)


Message History

Aim: an ogre, wielding a giant club (heavily wounded)
The rocky blast hits the ogre.
The ogre is severely wounded.
The ogre hits you with a giant club!!
* * * LOW HITPOINT WARNING * * *
Casting: Sandblast
Confirm with . or Enter, or press ? or * to list all spells.
Aiming: Sandblast
Press: ? - help, Shift-Dir - straight line, f/p - ogre
Aim: an ogre, wielding a giant club (severely wounded)
The rocky blast hits the ogre.
The ogre is almost dead.
Casting: Sandblast
Confirm with . or Enter, or press ? or * to list all spells.
Aiming: Sandblast
Press: ? - help, Shift-Dir - straight line, f/p - ogre
Aim: an ogre, wielding a giant club (almost dead)
You miscast Sandblast.
Nothing appears to happen.
The ogre hits you with a giant club!!
You die...

#### ####### ######
#..####.....#
#....###....##.....##
####.....##..........
###...#####.......
#@..#.#####)......
#O###..#........##
#..###............
##.# ###.###.#####
#.# ##.# #... #.#
#..# ####. #.# #.## #
#.# #.# #.####.#


You could see an ogre.

Vanquished Creatures
  A howler monkey (D:4)
  3 orc priests
  Crazy Yiuf (D:2)
  A bullfrog skeleton (D:4)
  A worker ant (D:3)
  3 orc wizards (D:4)
  A hound skeleton (D:4)
  Robin (D:2)
  3 adders
  An ooze (D:2)
  A worm (D:4)
  A dart slug (D:3)
  3 leopard geckos
  8 orcs
  7 giant cockroaches
  12 goblins (D:2)
  12 hobgoblins
  2 quokkas
  6 bats
  2 frilled lizards (D:2)
  3 kobolds
  7 rats
80 creatures vanquished.

Notes
Turn   | Place    | Note
-------+----------+-------------------------------------------
     0 | D:1      | Grinner the Troll Earth Elementalist began the quest for the Orb.
     0 | D:1      | Reached XP level 1. HP: 16/16 MP: 1/1
   108 | D:1      | Reached skill level 1 in Unarmed Combat
   424 | D:1      | Reached XP level 2. HP: 24/24 MP: 2/2
   449 | D:1      | Found a shimmering altar of Xom.
   994 | D:2      | Reached skill level 1 in Fighting
  1006 | D:2      | Noticed Robin
  1025 | D:2      | Killed Robin
  1025 | D:2      | Reached XP level 3. HP: 29/33 MP: 1/3
  1059 | D:2      | Reached skill level 2 in Unarmed Combat
  1378 | D:2      | Reached XP level 4. HP: 41/41 MP: 4/4
  1483 | D:2      | Found a runed door.
  1490 | D:2      | Learned a level 2 spell: Passwall
  1491 | D:2      | Noticed Crazy Yiuf
  1497 | D:2      | Killed Crazy Yiuf
  1912 | D:3      | Reached skill level 3 in Unarmed Combat
  1912 | D:3      | Reached XP level 5. HP: 25/49 MP: 5/5
  1916 | D:3      | Reached skill level 1 in Transmutations
  2780 | D:4      | Found a sacrificial altar of Ru.
  2784 | D:4      | Reached skill level 4 in Unarmed Combat
  2784 | D:4      | Reached XP level 6. HP: 48/57 MP: 6/6
  2979 | D:4      | Found a shadowy altar of Dithmenos.
  2985 | D:4      | Found an opulent altar of Gozag.
  3083 | D:4      | Demolished by an ogre

Skill      XL: |  1  2  3  4  5  6 |
---------------+-------------------+-----
Unarmed Combat | 1 2 3 4 |  4.6
Fighting       | 1 |  1.9
Earth Magic    | 3 |  3.9
Transmutations | 1 2 |  2.0
Dodging        | |  1.5
Stealth        | |  1.0
Spellcasting   | |  1.2

Action                   |  1- 3 |  4- 6 || total
-------------------------+-------+-------++-------
Melee: Unarmed           |   146 |   130 ||   276
       Punch             |       |     3 ||     3
 Cast: Sandblast         |     1 |     3 ||     4
 Abil: Evoke Berserk Rag |       |     1 ||     1
  Use: Potion            |     2 |       ||     2
 Stab: Sleeping          |     4 |     1 ||     5
       Distracted        |       |     1 ||     1
  Eat: Chunk             |    18 |    17 ||    35
Armor: Robe              |    45 |    39 ||    84
Dodge: Dodged            |    86 |    58 ||   144
